AoeStats
← Oldspice

Hill Fort

503910342Analyzed
4v4 RM · 29d ago on Sep 3, 2026· 39m 32s· 8 players
Game mode
Random Map
Map size
Large (8 player)
Population
200
Speed
Normal
Resources
Standard
Victory
Conquest
Starting age
Dark Age
Ending age
Imperial Age
RankedLock teamsTeams togetherTeam positionsShared explorationLock speedFull tech treeHidden civsTurbo modeCheats
Victory
Defeat
🇨🇦 Koreans · Canada
1797
+6
🇨🇳 Berbers · China
1614
+13
🇧🇷 Chinese · Brazil
1608
+14
🇦🇷 Persians · Argentina
1573
+15
🇺🇸 Wei · United States
1589
-13
🇺🇸 Ethiopians · United States
1579
-13
🇺🇸 Khitans · United States
1577
-13
🇳🇱 Burgundians · Netherlands
1492
-9
Boomer
9:00 Loom
10:46 Feudal Age
9:14 Loom
11:30 Double-Bit Axe
11:35 Horse Collar
12:35 Wheelbarrow
17:06 Castle Age
16:14 Fletching
17:22 Gold Mining
18:00 Bow Saw
18:29 Heavy Plow
19:07 Town Watch
21:19 Hand Cart
21:47 Stone Mining
23:09 Bodkin Arrow
25:25 Padded Archer Armor
27:34 Gold Shaft Mining
28:32 Thumb Ring
33:25 Imperial Age
33:59 Scale Barding Armor
34:05 Forging
34:06 Elite Tiger Cavalry
35:34 Chain Barding Armor
35:16 Bracer
34:58 Elite Tiger Cavalry
36:08 Conscription
36:58 Masonry
38:11 Hoardings
38:16 Conscription
38:23 Ming Guang Armor
jpresent
5:05 Double-Bit Axe
6:27 Horse Collar
11:55 Feudal Age
10:12 Loom
15:34 Castle Age
13:59 Loom
15:19 Bow Saw
17:03 Heavy Plow
18:01 Wheelbarrow
20:38 Two-Man Saw
24:16 Scale Barding Armor
24:15 Gold Mining
27:11 Chain Barding Armor
27:31 Forging
28:39 Cavalier
29:56 Iron Casting
30:07 Husbandry
31:18 Burgundian Vineyards
32:46 Gold Shaft Mining
35:11 Imperial Age
34:34 Crop Rotation
35:33 Paladin
36:50 Plate Barding Armor
37:16 Blast Furnace
37:07 Coinage
38:53 Light Cavalry
Oldspice
11:27 Feudal Age
15:32 Castle Age
13:39 Domestication
14:20 Double-Bit Axe
16:36 Pastoralism
16:58 Loom
21:10 Wheelbarrow
21:37 Gold Mining
24:22 Scale Barding Armor
24:28 Forging
24:12 Light Cavalry
25:36 Husbandry
25:59 Chain Barding Armor
27:25 Iron Casting
28:01 Stone Mining
36:31 Imperial Age
36:32 Elite Steppe Lancer
37:50 Plate Barding Armor
38:43 Ordo Cavalry
ashleylynn
10:47 Feudal Age
14:32 Castle Age
13:52 Double-Bit Axe
13:50 Horse Collar
15:55 Heavy Plow
21:16 Fletching
21:29 Loom
28:23 Town Watch
30:24 Wheelbarrow
30:21 Bow Saw
31:07 Town Patrol
35:46 Imperial Age
34:02 Bodkin Arrow
34:08 Padded Archer Armor
34:38 Crossbowman
36:16 Hand Cart
35:52 Arbalester
36:54 Conscription
37:21 Bracer
37:37 Leather Archer Armor
38:10 Thumb Ring
39:28 Two-Man Saw
39:32 Squires
38:54 Halberdier
39:35 Scale Mail Armor
40:33 Ring Archer Armor
Fs.BlinkAoE
11:01 Feudal Age
15:09 Castle Age
13:28 Horse Collar
13:57 Loom
14:02 Double-Bit Axe
16:57 Bow Saw
16:50 Heavy Plow
22:40 Wheelbarrow
23:51 Hand Cart
23:51 Town Watch
24:49 Fletching
25:54 Gold Mining
25:55 Stone Mining
26:31 Bodkin Arrow
27:28 Eupseong
28:20 Squires
31:39 Imperial Age
29:17 Scale Mail Armor
30:12 Ballistics
30:32 Chain Mail Armor
30:28 Forging
31:02 Gold Shaft Mining
30:51 Husbandry
31:03 Arson
32:53 Conscription
33:36 Chemistry
32:37 Bracer
33:09 Plate Mail Armor
32:08 Capped Ram
33:49 Elite War Wagon
35:42 Iron Casting
35:47 Thumb Ring
37:40 Elite Fire Lancer
Backspace
9:24 Feudal Age
10:05 Double-Bit Axe
11:09 Horse Collar
16:52 Wheelbarrow
18:03 Loom
20:24 Castle Age
18:23 Stone Mining
19:02 Gold Mining
19:26 Bloodlines
19:51 Fletching
21:30 Bodkin Arrow
22:15 Gold Shaft Mining
21:52 Bow Saw
26:24 Loom
26:26 Town Watch
27:09 Ballistics
28:15 Hand Cart
28:46 Husbandry
32:16 Imperial Age
30:55 Kasbah
31:01 Padded Archer Armor
32:46 Leather Archer Armor
32:37 Thumb Ring
33:04 Bracer
34:31 Chemistry
33:25 Elite Camel Archer
35:08 Conscription
35:38 Light Cavalry
36:37 Maghrebi Camels
37:30 Stone Shaft Mining
36:38 Hussar
37:24 Scale Barding Armor
38:19 Ring Archer Armor
巨大豚
11:36 Feudal Age
12:58 Double-Bit Axe
18:09 Castle Age
16:01 Loom
16:33 Fletching
17:07 Gold Mining
18:38 Bodkin Arrow
18:04 Crossbowman
20:30 Bow Saw
23:52 Horse Collar
26:47 Padded Archer Armor
27:55 Ballistics
29:14 Wheelbarrow
30:48 Hand Cart
30:19 Town Watch
35:04 Imperial Age
37:31 Two-Man Saw
38:06 Husbandry
38:23 Scale Barding Armor
39:09 Block Printing
39:24 Conscription
Fs.churacoRS
0:47 Loom
10:55 Feudal Age
16:36 Castle Age
14:56 Double-Bit Axe
15:15 Horse Collar
17:29 Bow Saw
18:10 Heavy Plow
22:08 Fletching
23:23 Bodkin Arrow
23:54 Padded Archer Armor
24:55 Gold Mining
29:09 Ballistics
29:40 Wheelbarrow
32:18 Imperial Age
30:30 Leather Archer Armor
33:00 Bracer
33:31 Ring Archer Armor
34:02 Chemistry
33:05 Elite Chu Ko Nu
35:24 Thumb Ring
Connection lost

Rejoining the realm…

Still unreachable

The connection could not be restored.

Session expired

The server has moved on; the page needs a fresh start.